 Dungeon Crawl Stone Soup version 0.7.0-a0-1176-ge712646 character file.

344 Drumlin the Stinger (level 5, -2/24 HPs)
             Began as a Kobold Venom Mage on Apr 13, 2010.
             Slain by an ogre
             ... wielding a +0,+0 giant club
              (16 damage)
             ... on Level 4 of the Dungeon.
             The game lasted 00:19:20 (3730 turns).

Drumlin the Stinger (Kobold Venom Mage)             Turns: 3730, Time: 00:19:20

HP  -2/24        AC  3     Str  8 Exp: 5/196 (0), need: 74
MP   6/8         EV 15     Int 14      God:
Gold 207         SH  0     Dex 15      Spells:  2 memorised,  3 levels left

Res.Fire  : . . .   See Invis. : .   v - +0,+1 sling
Res.Cold  : . . .   Warding    : .   a - +0 robe
Life Prot.: . . .   Conserve   : .   (no shield)
Res.Poison: .       Res.Corr.  : .   (no helmet)
Res.Elec. : .       Clarity    : .   (no cloak) Spirit.Shd: .
                                     t - +0 pair of gloves
Sust.Abil.: + .     Rnd.Telep. : .   (no boots)
Res.Mut.  : .       Ctrl.Telep.: .   (no amulet)
Res.Rott. : .       Levitation : .   (no ring)
Saprovore : + + .   Ctrl.Flight: .   j - ring of sustain abilities

@: slightly resistant to hostile enchantments, stealthy
A: carnivore 3, saprovore 2
a: no special abilities


You were on level 4 of the Dungeon.
You were full.

You visited 1 branch of the dungeon, and saw 4 of its levels.

You collected 187 gold pieces.

Inventory:

Hand weapons
 e - a +0,+0 dagger
 f - a +0,+0 short sword
 h - a -1,+1 orcish dagger
 l - a +4,+0 elven long sword of electrocution
 v - a +0,+1 sling (weapon)
Missiles
 g - a +2 dart
 i - 16 +0 elven darts
 n - 11 +0 darts of flame
 s - 5 +0 darts
 z - 5 +0 stones (quivered)
Armour
 a - a +0 robe (worn)
 t - a +0 pair of gloves (worn)
Magical devices
 q - a wand of digging (18)
 x - a wand of magic darts (17)
Comestibles
 c - 2 meat rations
Scrolls
 d - 6 scrolls of remove curse
 u - a scroll of teleportation
Jewellery
 j - a ring of sustain abilities (left hand)
Potions
 k - 2 potions of heal wounds
 m - a potion of might
 o - a potion of healing
 p - 2 potions of water
 r - a potion of restore abilities
 w - 2 potions of agility
Books
 b - a Young Poisoner's Handbook

   Spells                             Type                      Level
   *Sting                             Conjuration/Poison           1
   *Cure Poison                       Poison                       2
   Poison Weapon                      Enchantment/Poison           3
   Mephitic Cloud                     Conjuration/Poison/Air       3
   Venom Bolt                         Conjuration/Poison           5
   You had 0 experience left.


   Skills:
 + Level 1 Slings
 + Level 2 Throwing
 + Level 3 Dodging
 + Level 3 Stealth
 + Level 1 Spellcasting
 + Level 2 Conjurations
 + Level 5 Poison Magic


You had 3 spell levels left.
You knew the following spells:

 Your Spells              Type           Power        Success   Level
a - Sting                 Pois/Conj      ##...        Great       1
b - Cure Poison           Pois           ###.......   Great       2

Dungeon Overview and Level Annotations

Branches:
Dungeon (4/27)
 Temple: D:4-7

Altars:


Innate Abilities, Weirdness & Mutations

You recuperate from illness quickly.
You are carnivorous and can eat meat at any time.
You can eat rotten meat.


Message History

Press: ? - help, Shift-Dir - straight line, f/p - ogre
Aim: An ogre, wielding a giant club (moderately wounded, poisoned)
The sting hits the ogre.
The ogre looks even sicker.
The ogre is moderately wounded.
The ogre hits you with a giant club!
Ouch! That really hurt!
You die...

.....# ##.# ...###
####..# <..#
********#....##
...., ,,,,,,*#....#
...*******#,*#....#
,,,* #.*#....# ,, *
#..#....# ,,,*
*#......# ,,,*
###.@..# *,,***
##O### **,,,* #a#
****, ** #.#
,,,,,,,* **#(#
,,,,,,,* *,,.(.*
,,, ,,,* , .(.*
,,,,,,,* *,,...*
,,,,,,,*****,,(..*


You could see an ogre and a giant ant.

Vanquished Creatures
  An orc priest (D:4)
  An iguana (D:4)
  A worm (D:2)
  2 giant geckos
  An ooze (D:2)
  12 giant bats
  4 giant cockroaches
  9 goblins
  6 hobgoblins
  15 kobolds
  2 orcs (D:4)
  A quokka (D:4)
  6 giant newts
  11 rats
  A small snake (D:3)
73 creatures vanquished.

Vanquished Creatures (others)
  A worm (D:2)
  5 toadstools
6 creatures vanquished.

Grand Total: 79 creatures vanquished

Notes
Turn   | Place    | Note
--------------------------------------------------------------
     0 | D:1      | Drumlin, the Kobold Venom Mage, began the quest for the Orb.
     0 | D:1      | Reached XP level 1. HP: 8/8 MP: 3/3
   393 | D:1      | Reached XP level 2. HP: 9/11 MP: 4/4
   410 | D:1      | Learned a level 2 spell: Cure Poison
  1223 | D:1      | Reached XP level 3. HP: 16/16 MP: 3/5
  1576 | D:1      | Reached skill 1 in Conjurations
  2765 | D:3      | Reached XP level 4. HP: 13/19 MP: 5/7
  3136 | D:3      | Reached skill 5 in Poison Magic
  3460 | D:4      | Reached skill 1 in Throwing
  3553 | D:4      | Reached XP level 5. HP: 11/24 MP: 8/8
  3723 | D:4      | Reached skill 1 in Slings
  3730 | D:4      | Slain by an ogre
